 Dungeon Crawl Stone Soup version 0.18-a0-1243-g9e52518 (webtiles) character file.

137 namelastname112 the Cudgeler (level 5, -3/45 HPs)
             Began as a Draconian Gladiator on Feb 5, 2016.
             Slain by a scorpion (6 damage)
             ... on level 4 of the Dungeon.
             The game lasted 00:03:03 (2487 turns).

namelastname112 the Cudgeler (Draconian Gladiator)  Turns: 2487, Time: 00:03:03

Health: -3/45      AC:  5    Str: 18    XL:     5   Next: 0%
Magic:  5/5        EV: 13    Int:  8    God:
Gold:   92         SH:  0    Dex: 12    Spells: 0 memorised, 4 levels left

rFire  . . .     SeeInvis .     a - +0 flail
rCold  . . .     Gourm    .     (armour unavailable)
rNeg   . . .     Faith    .     (no shield)
rPois  .         Spirit   .     b - +0 hat
rElec  .         Dismiss  .     (no cloak)
rCorr  .         Reflect  .     (no gloves)
SustAt .         Harm     .     (no boots)
MR     .....                    (no amulet)
Stlth  +.........               (no ring)
                                (no ring)

@: lethally poisoned (-3 -> -10), not resistant to hostile enchantments, very
unstealthy
A: unfitting armour, cold-blooded, AC +5
a: no special abilities


You were on level 4 of the Dungeon.
You were not hungry.

You visited 1 branch of the dungeon, and saw 4 of its levels.

You collected 92 gold pieces.

Inventory:

Hand Weapons
 a - a +0 flail (weapon)
Missiles
 c - 3 throwing nets (quivered)
Armour
 b - a +0 hat (worn)
Wands
 r - a wand of iceblast (1/15)
Scrolls
 e - a scroll of random uselessness {unknown}
 g - a scroll of identify {unknown}
 j - a scroll of recharging {unknown}
 l - 3 scrolls of remove curse {unknown}
 m - 2 scrolls of immolation {unknown}
 p - a scroll of fear {unknown}
 v - a scroll of teleportation {unknown}
Potions
 h - a potion of magic
 k - a potion of cancellation {unknown}
 o - a potion of heal wounds {unknown}
 t - a potion of mutation {unknown}
 u - a potion of brilliance {unknown}
Comestibles
 d - 4 bread rations
 f - a beef jerky
 i - a slice of pizza
 q - 3 fruits


   Skills:
 + Level 3.6 Fighting
 * Level 4.1 Maces & Flails
 + Level 2.4 Throwing
 + Level 3.2 Dodging


You had 4 spell levels left.
You didn't know any spells.

Dungeon Overview and Level Annotations

Branches:
Dungeon (4/15)
 Temple: D:4-7

Altars:


Innate Abilities, Weirdness & Mutations

Your plain brown scales are hard (AC +5).
Your body does not fit into most forms of armour.
You are cold-blooded and may be slowed by cold attacks.


Message History

The scorpion is severely wounded.
* * * LOW HITPOINT WARNING * * *
You feel sick. The scorpion stings you!
* * * LOW HITPOINT WARNING * * *
Drink which item? (? for menu, Esc to quit)
You can't drink that!
Drink which item? (? for menu, Esc to quit)
You feel better. The scorpion misses you.
You closely miss the scorpion.
You tail-slap the scorpion, but do no damage.
The scorpion is severely wounded.
The scorpion stings you.
* * * LOW HITPOINT WARNING * * *
You are lethally poisoned!
The scorpion poisons you!
Drink which item? (? for menu, Esc to quit)
It was a potion of cure mutation.
It has a very clean taste.
* * * LOW HITPOINT WARNING * * *
You feel sick. The scorpion stings you.
You die...

###..## ##.#####
.##### ##....# ...
#..### ... #..#
### ##..# #...##
#####....#
..........#######.
#######...@s.....#
##...(.....#
##..$.....#
#........#
...####### ...##
.#.# ###..


You could see a scorpion.

Vanquished Creatures
  7 adders
  2 oozes
  A worm (D:3)
  2 giant geckos
  3 orcs
  A ball python (D:2)
  3 bats
  5 giant cockroaches
  5 goblins
  7 hobgoblins
  5 jackals
  A quokka (D:3)
  5 giant newts
  8 kobolds
  3 rats
58 creatures vanquished.

Vanquished Creatures (others)
  4 toadstools (D:1)
4 creatures vanquished.

Grand Total: 62 creatures vanquished

Notes
Turn   | Place    | Note
--------------------------------------------------------------
     0 | D:1      | namelastname112 the Draconian Gladiator began the quest for the Orb.
     0 | D:1      | Reached XP level 1. HP: 17/17 MP: 1/1
   370 | D:1      | Reached XP level 2. HP: 25/25 MP: 2/2
   643 | D:2      | Reached XP level 3. HP: 6/30 MP: 3/3
  1318 | D:3      | Found a faded altar to an unknown god.
  1452 | D:3      | Reached XP level 4. HP: 19/38 MP: 4/4
  1837 | D:3      | Reached skill level 4 in Maces & Flails
  2453 | D:4      | Reached XP level 5. HP: 32/45 MP: 5/5
  2487 | D:4      | Slain by a scorpion

Vault maps used:
D:1:      ldierk_walled_garden_2, serial_bayou_crossing
D:2:      first_bread
D:3:      ecumenical_altar_1
D:4:      corexii_shack_village, gup_sewer_entry_spiral

Action                   |  1- 3 |  4- 6 || total
-------------------------+-------+-------++-------
Melee: Flail             |   102 |    96 ||   198
Evoke: Wand              |       |     1 ||     1
  Use: Potion            |       |     5 ||     5
 Stab: Sleeping          |     1 |     2 ||     3
  Eat: Chunk             |     1 |     4 ||     5
